 Dungeon Crawl Stone Soup version 0.20.1-1-g8b1a95d66d (webtiles) character file.

3923 Kublaii the Ducker (level 10, -4/81 HPs)
             Began as a Hill Orc Fighter on Nov 27, 2017.
             Slain by dengdeng's ghost (6 damage)
             ... on level 9 of the Dungeon.
             The game lasted 01:08:05 (6859 turns).

Kublaii the Ducker (Hill Orc Fighter)               Turns: 6859, Time: 01:08:05

Health: -4/81      AC: 13    Str: 21    XL:     10   Next: 20%
Magic:  3/3        EV: 19    Int:  8    God:
Gold:   494        SH:  7    Dex: 17    Spells: 9/9 levels left

rFire    + + .     SeeInvis +   a - +10 trident "Orb Guardian's Death" {antimagic, rPois}
rCold    + . .     Gourm    +   y - +1 buckler
rNeg     . . .     Faith    .   s - +3 scale mail of the Equator {rF+}
rPois    +         Spirit   .   J - +0 helmet
rElec    +         Reflect  .   k - +1 cloak
rCorr    +         Harm     .   (no gloves)
MR       .....                  (no boots)
Stlth    +++.......             j - amulet of the gourmand
Regen    0.3/turn               q - ring of stealth
MPRegen  0.1/turn               O - ring of see invisible (curse)

@: agile, resistant, drained
A: no striking features
a: no special abilities


You were on level 9 of the Dungeon.
You were very full.

You visited 1 branch of the dungeon, and saw 9 of its levels.

You collected 494 gold pieces.

Inventory:

Hand Weapons
 a - the +10 trident "Orb Guardian's Death" (weapon) {antimagic, rPois}
   (You found it on level 8 of the Dungeon)

   It reduces the magical energy of the wielder, and disrupts the spells and
   magical abilities of those hit.
   Natural abilities and divine invocations are not affected.
   It protects you from poison.
 b - a +3 hunting sling
 c - the +8 dagger of Peril {freeze, rF- MP+9 Stlth+}
   (You found it on level 4 of the Dungeon)

   It has been specially enchanted to freeze those struck by it, causing extra
   injury to most foes and up to half again as much damage against particularly
   susceptible opponents.
   It can also slow down cold-blooded creatures.
   It makes you vulnerable to fire.
   It affects your magic capacity (+9).
   It makes you more stealthy.
 H - a +1 war axe
 L - the +6 long sword of Nightmares {flame, Dex+5 Stlth+}
   (You found it on level 5 of the Dungeon)

   It has been specially enchanted to burn those struck by it, causing extra
   injury to most foes and up to half again as much damage against particularly
   susceptible opponents.
   Big, fiery blades are also staple armaments of hydra-hunters.
   It affects your dexterity (+5).
   It makes you more stealthy.
Missiles
 g - 230 stones
 F - 5 tomahawks (quivered)
Armour
 k - a +1 cloak (worn)
 s - the +3 scale mail of the Equator (worn) {rF+}
   (You found it on level 6 of the Dungeon)

   It protects you from fire.
 y - a +1 buckler (worn)
 J - a +0 helmet (worn)
 P - a +0 chain mail
 R - a +0 chain mail
Jewellery
 j - an amulet of the gourmand (around neck)
 q - a ring of stealth (left hand)
 O - a cursed ring of see invisible (right hand)
Wands
 d - a wand of lightning (6/15)
 r - a wand of paralysis (8/24)
 D - a wand of confusion (23/48)
 E - a wand of flame (18/48)
 Q - a wand of clouds (6/9)
Scrolls
 e - 7 scrolls of identify
 i - a scroll of remove curse
 t - 2 scrolls of fog
 u - 3 scrolls of teleportation
 v - a scroll of immolation {unknown}
 G - 2 scrolls of recharging
 I - a scroll of blinking {unknown}
 N - a scroll of vulnerability
Potions
 h - 2 potions of flight
 m - 2 potions of curing
 A - a potion of brilliance
 B - a potion of cancellation
Comestibles
 f - 8 bread rations
 l - 2 royal jellies
 n - 6 fruits
 o - 6 meat rations


   Skills:
 - Level 5.0 Fighting
 - Level 3.8(5.1) Short Blades
 - Level 5.6(6.3) Long Blades
 - Level 5.7(7.4) Axes
 + Level 6.0(6.8) Polearms
 + Level 5.3(5.2) Armour
 - Level 6.4 Dodging
 - Level 3.6(3.5) Stealth
 - Level 5.0 Shields


You had 9 spell levels left.
You didn't know any spells.

Dungeon Overview and Level Annotations

Branches:
Dungeon (9/15)             Temple (0/1) D:6             Orc (0/2) D:9
   Lair: D:8-11

Altars:
Xom
The Shining One

Annotations:
D:9 dengdeng's ghost, journeyman MiFi


Message History

You hit dengdeng's ghost.
Dengdeng's ghost is moderately damaged.
Dengdeng's ghost hits you!
You hit dengdeng's ghost but do no damage.
Dengdeng's ghost is moderately damaged.
Dengdeng's ghost hits you!!
* * * LOW HITPOINT WARNING * * *
You feel much better. Dengdeng's ghost barely misses you.
You hit dengdeng's ghost.
Dengdeng's ghost is moderately damaged.
You hit dengdeng's ghost but do no damage.
Dengdeng's ghost is moderately damaged.
Dengdeng's ghost hits you!!
* * * LOW HITPOINT WARNING * * *
You hit dengdeng's ghost but do no damage.
Dengdeng's ghost is moderately damaged.
Dengdeng's ghost hits you!
* * * LOW HITPOINT WARNING * * *
Dengdeng's ghost hits you.
You die...

#......#...
#......#(###
#......(.#..
#((......'.
#........#
#........#
#......).#
#..W.....#
#..@.....#
#.....†..#
#.......########
#.......#......>
#.......#.......
#.......#......#
#.......#......#
#.......'......#
#.......#......#


You could see dengdeng's ghost.

Vanquished Creatures
  A two-headed ogre (D:8)
  The ghost of Allophanate the Chopper, an amateur HOAK of Lugonu (D:4)
  Duvessa (D:6)
  2 orc warriors (D:8)
  A sky beast (D:8)
  An ice beast (D:8)
  5 ogres
  A phantom (D:8)
  3 centaurs
  5 bullfrogs
  Dowan (D:6)
  2 scorpions (D:4)
  4 killer bees (D:8)
  7 howler monkeys
  3 crimson imps (D:8)
  A quasit (D:7)
  A jelly (D:7)
  8 orc wizards
  Crazy Yiuf (D:2)
  3 hounds
  An orc priest (D:3)
  A bullfrog skeleton (D:4)
  An iguana (D:5)
  4 worker ants
  3 killer bee zombies
  A hound skeleton (D:8)
  Robin (D:2)
  2 worker ant zombies (D:5)
  3 gnolls (D:6)
  7 adders
  An ooze (D:2)
  An adder zombie (D:7)
  5 worms
  5 leopard geckos
  15 orcs
  4 ball pythons
  7 giant cockroaches
  15 goblins
  12 hobgoblins
  5 jackals (D:2)
  3 quokkas
  9 bats
  11 frilled lizards
  A jackal skeleton (D:4)
  8 kobolds
  A leopard gecko skeleton (D:4)
  A leopard gecko zombie (D:5)
  8 rats
188 creatures vanquished.

Notes
Turn   | Place    | Note
-------+----------+-------------------------------------------
     0 | D:1      | Kublaii the Hill Orc Fighter began the quest for the Orb.
     0 | D:1      | Reached XP level 1. HP: 19/19 MP: 1/1
   118 | D:1      | Reached XP level 2. HP: 19/26 MP: 2/2
   537 | D:1      | Reached XP level 3. HP: 31/31 MP: 3/3
   926 | D:2      | Noticed Robin
   933 | D:2      | Reached XP level 4. HP: 40/40 MP: 4/4
   935 | D:2      | Killed Robin
  1565 | D:2      | Reached XP level 5. HP: 47/47 MP: 5/5
  1684 | D:2      | Reached skill level 5 in Armour
  1840 | D:2      | Found a runed door.
  1844 | D:2      | Noticed Crazy Yiuf
  1876 | D:2      | Killed Crazy Yiuf
  1876 | D:2      | Reached skill level 5 in Fighting
  2184 | D:3      | Reached XP level 6. HP: 51/56 MP: 6/6
  2757 | D:4      | Reached skill level 5 in Axes
  2835 | D:4      | Reached skill level 1 in Dodging
  2959 | D:4      | Got a fine dagger
  2969 | D:4      | Identified the +8 dagger of Peril {freeze, rF- MP+9 Stlth+} (You found it on level 4 of the Dungeon)
  3091 | D:4      | Noticed Allophanate's ghost (amateur HOAK)
  3110 | D:4      | Killed Allophanate's ghost
  3110 | D:4      | Reached skill level 1 in Short Blades
  3110 | D:4      | Reached skill level 1 in Stealth
  3110 | D:4      | Reached XP level 7. HP: 59/61 MP: 6/7
  3372 | D:5      | Entered Level 5 of the Dungeon
  3425 | D:5      | Got a brightly glowing dagger
  3426 | D:5      | Identified the +6 dagger of Luwnuip {flame, +Inv +Fly Int+4} (You found it on level 5 of the Dungeon)
  3580 | D:5      | Found a glowing golden altar of the Shining One.
  3609 | D:5      | Reached XP level 8. HP: 63/68 MP: 8/8
  3677 | D:5      | Got a warped long sword
  3678 | D:5      | Identified the +6 long sword of Nightmares {flame, Dex+5 Stlth+} (You found it on level 5 of the Dungeon)
  3899 | D:5      | Reached skill level 1 in Long Blades
  4046 | D:6      | Found a shimmering altar of Xom.
  4046 | D:6      | Found a shimmering altar of Xom.
  4047 | D:6      | Found a shimmering altar of Xom.
  4183 | D:6      | Noticed Duvessa
  4186 | D:6      | Noticed Dowan
  4202 | D:6      | Killed Duvessa
  4208 | D:6      | Killed Dowan
  4354 | D:6      | Got a fine scale mail
  4371 | D:6      | Identified the +3 scale mail of the Equator {rF+} (You found it on level 6 of the Dungeon)
  4382 | D:6      | Found a staircase to the Ecumenical Temple.
  4689 | D:6      | Found a shimmering altar of Xom.
  4991 | D:7      | Reached XP level 9. HP: 70/74 MP: 9/9
  4996 | D:7      | Reached skill level 5 in Long Blades
  5593 | D:8      | Got a bone trident
  5594 | D:8      | Identified the +10 trident "Orb Guardian's Death" {antimagic, rPois} (You found it on level 8 of the Dungeon)
  5691 | D:8      | Noticed a two-headed ogre
  5701 | D:8      | Reached skill level 1 in Polearms
  5701 | D:8      | Reached skill level 5 in Dodging
  5712 | D:8      | Killed a two-headed ogre
  5721 | D:8      | HP: 2/74 [orc warrior/trident (12)]
  6282 | D:8      | Reached skill level 5 in Polearms
  6284 | D:8      | Reached XP level 10. HP: 51/81 MP: 3/10
  6690 | D:9      | Reached skill level 5 in Shields
  6816 | D:9      | Found a staircase to the Orcish Mines.
  6832 | D:9      | Noticed dengdeng's ghost (journeyman MiFi)
  6857 | D:9      | HP: 1/81 [dengdeng's ghost (9)]
  6859 | D:9      | Slain by dengdeng's ghost

Skill      XL: |  1  2  3  4  5  6  7  8  9 10 |
---------------+-------------------------------+-----
Axes           | 3 4 5 |  5.7
Armour         | 4 5 |  5.3
Fighting       | 4 5 |  5.0
Shields        | 4 5 |  5.0
Dodging        | 1 4 6 |  6.4
Short Blades   | 1 3 |  3.8
Stealth        | 1 3 |  3.6
Long Blades    | 4 5 |  5.6
Polearms       | 5 6 |  6.0

Action                   |  1- 3 |  4- 6 |  7- 9 | 10-12 || total
-------------------------+-------+-------+-------+-------++-------
Melee: War axe           |    94 |   161 |       |       ||   255
       Dagger            |       |     5 |    46 |       ||    51
       Long sword        |       |       |    80 |       ||    80
       Trident           |       |       |    48 |    83 ||   131
 Fire: Hunting sling     |    21 |   108 |    62 |     9 ||   200
Throw: Stone             |    66 |     3 |       |       ||    69
       Tomahawk          |       |       |     5 |       ||     5
Evoke: Wand              |       |       |     1 |       ||     1
  Use: Scroll            |     3 |     6 |     2 |     3 ||    14
       Potion            |       |     5 |     2 |     5 ||    12
 Stab: Sleeping          |       |       |     3 |     1 ||     4
       Paralysed         |       |       |     2 |       ||     2
       Distracted        |       |       |     1 |       ||     1
  Eat: Chunk             |       |    16 |     6 |     5 ||    27
Armor: Scale mail        |    47 |    96 |    75 |    38 ||   256
       Skin              |       |     8 |       |       ||     8
Dodge: Dodged            |    62 |    74 |    86 |    48 ||   270
Block: Buckler           |       |    15 |    52 |    21 ||    88
       Rpst.: Long sword |       |       |     9 |       ||     9
